 Dungeon Crawl Stone Soup version 0.27.0-1-g7a089689b8 (webtiles) character file.

Game seed: 14469437161397727288

91 Krom the Digger (level 4, -4/24 HPs)
             Began as a Gargoyle Earth Elementalist on Aug 14, 2021.
             Splashed by a jelly's acid (8 damage)
             ... on level 3 of the Dungeon.
             The game lasted 00:05:47 (3375 turns).

Krom the Digger (Gargoyle Earth Elementalist)       Turns: 3375, Time: 00:05:49

Health: -4/24      AC: -1    Str: 12    XL:     4   Next: 59%
Magic:  8/8        EV: 12    Int: 16    God:
Gold:   94         SH:  0    Dex: 10    Spells: 8/9 levels left

rFire    . . .     SeeInvis .   j - +2 whip (elec)
rCold    . . .     Faith    .   (no shield)
rNeg     + . .     Spirit   .   b - +0 robe
rPois    ∞         Reflect  .   (no helmet)
rElec    +         Harm     .   k - +0 cloak
rCorr    .         Rampage  .   (no gloves)
Will     .....                  (no boots)
Stlth    ++........             (no amulet)
HPRegen  0.08/turn              (no ring)
MPRegen  0.11/turn              (no ring)

@: corroded
A: sickness immunity, AC +3, negative energy resistance 1, electricity
resistance, torment resistance 1, petrification resistance
a: no special abilities


You were on level 3 of the Dungeon.
You visited 1 branch of the dungeon, and saw 3 of its levels.

You collected 94 gold pieces.

Inventory:

Hand Weapons
 d - a +4 quarterstaff of chaos
 j - a +2 whip of electrocution (weapon)
 l - a +2 mace of holy wrath
 o - a +0 mace of protection
Missiles
 c - 49 stones
 f - 25 sling bullets
 i - 2 curare-tipped darts
 m - 4 boomerangs
Armour
 b - a +0 robe (worn)
 k - a +0 cloak (worn)
Scrolls
 a - 2 scrolls of immolation {unknown}
 e - a scroll of enchant armour {unknown}
 g - 5 scrolls of identify {unknown}
Potions
 h - a potion of cancellation {unknown}
 n - a potion of magic {unknown}


   Skills:
 - Level 0.2 Short Blades
 - Level 2.0 Dodging
 - Level 2.5 Stealth
 - Level 0.3 Unarmed Combat
 * Level 3.2 Spellcasting
 - Level 0.7 Transmutations
 + Level 4.6 Earth Magic


You had 8 spell levels left.
You knew the following spells:

 Your Spells              Type           Power      Damage    Failure   Level
a - Sandblast             Erth           34%        2d9       2%          1

Your spell library contained the following spells:

 Spells                   Type           Power      Damage    Failure   Level
 Passwall                 Tmut/Erth      9%         N/A       10%         2
 Stone Arrow              Conj/Erth      20%        3d8       22%         3
 Petrify                  Tmut/Erth      11%        N/A       52%         4


Dungeon Overview and Level Annotations

Branches:
Dungeon (3/15)

Altars:


Innate Abilities, Weirdness & Mutations

You are immune to sickness and miasma.
Your stone body is resilient. (AC +3)
You are immune to poison.
You resist negative energy. (rN+)
You are resistant to electric shocks. (rElec)
You are resistant to unholy torment.
You are immune to petrification.


Message History

The orc is moderately wounded.
The orc barely misses you.
You barely miss the orc.
The orc is moderately wounded.
The orc barely misses you. The orc hits you but does no damage.
You hit the orc but do no damage.
The orc is moderately wounded.
The orc hits you with a +0 mace of protection.
You hit the orc but do no damage. Lightning courses through the orc!!
You kill the orc!
You hit the orc.
The orc is lightly wounded.
The orc closely misses you.
You hit the orc but do no damage. Lightning courses through the orc!
You kill the orc!
No target in view!
No target in view!
Items here: ( ))) [[ †.
l - a +2 mace of holy wrath;
m - 4 boomerangs HP restored.
n - a ruby potion You now have 94 gold pieces (gained 10).
As you open the gate, it creaks loudly!
There is an open gate here.
A jelly comes into view.
The jelly quivers.
There is an open gate here.
Items here: )) [[ †.
o - a +0 mace of protection The jelly hits you but does no damage.
You hit the jelly. The acid corrodes you!
Your hands burn!
The jelly is lightly wounded.
The jelly hits you.
You are splashed with acid!
You hit the jelly.
Your hands burn!
* * * LOW HITPOINT WARNING * * *
The jelly is lightly wounded.
The jelly closely misses you. The jelly hits you.
* * * LOW HITPOINT WARNING * * *
The acid corrodes you!
You are splashed with acid!
You die...

#.
#####.##
# #.#
#####.#
#.....#
#.#####
#.# #.#
#J# #@#
#.# #.#
#.# #.#
#.# #.#
#.# #.#


You could see a jelly.

Vanquished Creatures
  Crazy Yiuf (D:2)
  A worm (D:2)
  A dart slug (D:2)
  3 orcs (D:3)
  2 endoplasms
  5 giant cockroaches (D:1)
  7 hobgoblins
  3 jackals (D:2)
  8 kobolds
  4 quokkas
  5 ball pythons
  4 bats
  2 frilled lizards
  2 goblins (D:1)
  A rat (D:2)
49 creatures vanquished.

Vanquished Creatures (others)
  A fungus (D:2)
1 creature vanquished.

Grand Total: 50 creatures vanquished

Notes
Turn   | Place    | Note
-------+----------+-------------------------------------------
     0 | D:1      | Krom the Gargoyle Earth Elementalist began the quest for
                  | the Orb.
     0 | D:1      | Reached XP level 1. HP: 10/10 MP: 3/3
   174 | D:1      | Reached XP level 2. HP: 15/15 MP: 1/5
   297 | D:1      | Reached skill level 4 in Earth Magic
   896 | D:1      | Reached XP level 3. HP: 19/19 MP: 6/6
  1712 | D:2      | Found a faded altar of an unknown god.
  3058 | D:2      | Found a runed translucent door.
  3059 | D:2      | Noticed Crazy Yiuf
  3066 | D:2      | Killed Crazy Yiuf
  3067 | D:2      | Reached XP level 4. HP: 16/24 MP: 3/8
  3375 | D:3      | Splashed by a jelly's acid

Illustrated notes

Levels and vault maps discovered:
D:1:      tarquinn_simple_flora_water_e, layout_basic, kennysheep_another_room,
          minmay_quantized
D:2:      layout_loops_ring, hellmonk_ecumenical_altar_zigzags,
          uniq_crazy_yiuf_cottage
D:3:      layout_basic, minmay_door_square, kennysheep_cross_bottleneck

Skill      XL: |  1  2  3 |
---------------+----------+-----
Earth Magic    | 4 |  4.6
Dodging        | 2 |  2.0
Spellcasting   | 3 |  3.2
Short Blades   | |  0.2
Stealth        | |  2.5
Unarmed Combat | |  0.3
Transmutations | |  0.7

Action                   |  1- 3 |  4- 6 || total
-------------------------+-------+-------++-------
Melee: Unarmed           |    33 |       ||    33
       Dagger            |   157 |       ||   157
       Whip              |    11 |    17 ||    28
 Cast: Sandblast         |    31 |       ||    31
 Stab: Sleeping          |     4 |     1 ||     5
Armor: Robe              |    77 |     3 ||    80
Dodge: Dodged            |   126 |     8 ||   134
